[Event "Titled Tuesday Blitz August 3 2021"]
[White "Kim, Sergey"]
[Black "Gunina, Valentina"]
[WhiteFideId "13700570"]
[BlackFideId "4167570"]
[WhiteElo "2590"]
[BlackElo "2752"]
[Result "0-1"]
[Round "09"]
[TimeControl "180+1"]
[Date "2021.08.03"]
[WhiteClock "0:00:14"]
[BlackClock "0:00:01"]

1. d4 d5 2. c4 c6 3. Nf3 Nf6 4. Qc2 dxc4 5. Qxc4 Bg4 6. Nbd2 Nbd7 7. e3 e6 8. Be2 Be7 9. O-O O-O 10. b4 Rc8 11. Bb2 b5 12. Qb3 Nd5 13. a3 a5 14. bxa5 Qxa5 15. Rfc1 N7b6 16. e4 Nf4 17. Bf1 Na4 18. h3 Bh5 19. Bc3 Qa7 20. Bb4 Rfd8 21. Bxe7 Qxe7 22. Qb4 Qxb4 23. axb4 f5 24. exf5 exf5 25. Ne5 Be8 26. Nb3 Nd5 27. Nc5 Nxc5 28. Rxc5 Nxb4 29. Ra7 Nd5 30. Bd3 g6 31. Kh2 Nf6 32. Bc2 Nd7 33. Bb3+ Kf8 34. Rxc6 Nxe5 35. Rxc8 Nf3+ 36. gxf3 Rxc8 37. Be6 Rc3 38. Kg3 b4 39. Rb7 Rxf3+ 40. Kh4 h6 0-1


[Site "https://www.chess.com"]

[Event "Titled Tuesday Blitz August 3 2021"]
[White "Kobalia, Mikhail"]
[Black "Khoroshev, Nikita"]
[WhiteFideId "4119150"]
[BlackFideId "14200287"]
[WhiteElo "2811"]
[BlackElo "2607"]
[Result "0-1"]
[Round "09"]
[TimeControl "180+1"]
[Date "2021.08.03"]
[WhiteClock "0:00:15"]
[BlackClock "0:00:05"]

1. e4 e5 2. Nf3 Nc6 3. Bb5 a6 4. Ba4 Nf6 5. O-O Be7 6. d3 b5 7. Bb3 d6 8. a3 Bg4 9. Be3 O-O 10. h3 Bh5 11. Nbd2 d5 12. Re1 d4 13. Bg5 Nd7 14. Bxe7 Nxe7 15. Nf1 Kh8 16. Ng3 Bg6 17. c3 c5 18. cxd4 exd4 19. Nh4 Rc8 20. Rc1 Qb6 21. f4 f6 22. Nxg6+ Nxg6 23. Qg4 Rc7 24. Kh1 c4 25. dxc4 Nc5 26. Qf3 d3 27. Rc3 bxc4 28. Bd1 Qxb2 29. Rxc4 Nh4 30. Qf1 d2 31. Re3 Ne6 32. Rxc7 Nxc7 33. Qc4 Qc1 34. Qf1 Ne6 35. Kh2 Nxf4 36. Ne2 Nxe2 37. Qxe2 Rd8 38. e5 Qc7 39. Kh1 Nf5 40. Rb3 Nd4 0-1


[Site "https://www.chess.com"]

[Event "Titled Tuesday Blitz August 3 2021"]
[White "Kretov, Evgenij"]
[Black "Urazayev, Arystanbek"]
[WhiteFideId "4167821"]
[BlackFideId "13709810"]
[WhiteElo "2400"]
[BlackElo "2321"]
[Result "1-0"]
[Round "09"]
[TimeControl "180+1"]
[Date "2021.08.03"]
[WhiteClock "0:01:42"]
[BlackClock "0:00:07"]

1. d4 d5 2. c4 e6 3. Nc3 Nf6 4. cxd5 exd5 5. Bg5 c6 6. e3 Bd6 7. Bd3 O-O 8. Qc2 h6 9. Bh4 Re8 10. Nge2 Nbd7 11. O-O Bxh2+ 12. Kxh2 Ng4+ 13. Kg3 Ndf6 14. Bxf6 Qxf6 15. Nf4 g5 16. Nh5 Qd6+ 17. Kf3 Nh2+ 18. Ke2 Bg4+ 19. f3 Nxf1 20. Rxf1 Bxh5 21. Rh1 Bg6 22. Kf2 Bxd3 23. Qxd3 Kg7 24. Ne2 Qg6 25. Qc3 h5 26. e4 dxe4 27. Ng3 e3+ 28. Ke2 h4 29. Ne4 Rxe4 30. fxe4 Qxe4 31. Qxe3 Re8 32. Qxe4 Rxe4+ 33. Kd3 Rg4 34. Rh2 Kg6 35. Kc4 f5 36. Kc5 1-0


[Site "https://www.chess.com"]

[Event "Titled Tuesday Blitz August 3 2021"]
[White "Krishnakumar, Sriram"]
[Black "Song, Michael"]
[WhiteFideId "30915856"]
[BlackFideId "2613190"]
[WhiteElo "2327"]
[BlackElo "2274"]
[Result "0-1"]
[Round "09"]
[TimeControl "180+1"]
[Date "2021.08.03"]
[WhiteClock "0:00:28"]
[BlackClock "0:00:23"]

1. e4 e5 2. Nf3 Nc6 3. d4 exd4 4. Nxd4 Bb4+ 5. c3 Bc5 6. Be3 Bb6 7. Nf5 g6 8. Bxb6 axb6 9. Ne3 Nf6 10. f3 O-O 11. c4 d6 12. Nc3 Nh5 13. g3 f5 14. exf5 Bxf5 15. Bg2 Qg5 16. Ncd5 Rae8 17. O-O Be6 18. f4 Qd8 19. Qd2 Nf6 20. Rae1 Bxd5 21. Nxd5 Kg7 22. Qc3 Kf7 23. Rxe8 Rxe8 24. f5 g5 25. Qd2 h6 26. h4 Rg8 27. Nxf6 Kxf6 28. h5 Ne5 29. Bxb7 Qe7 30. Bd5 Rd8 31. b3 c6 32. Bg2 Qb7 33. Re1 Qc7 34. Qc3 c5 35. Bd5 Qd7 36. Be6 Qc6 37. Bd5 Qd7 38. Kg2 Rb8 39. a4 Qa7 40. Be6 Qa5 41. Qxa5 bxa5 42. Re3 Rb6 43. Kf1 Nc6 44. Bd5 Nd4 45. Kf2 Rxb3 46. Rxb3 Nxb3 47. Bc6 Nd4 48. g4 Nxc6 49. Ke3 Ne5 50. Ke4 Nxc4 51. Kd5 Nb6+ 52. Kxd6 Nxa4 53. Kd5 Nc3+ 54. Kxc5 Nd1 55. Kb5 Nf2 56. Kxa5 Nxg4 57. Kb4 Kxf5 58. Kc3 Nf6 59. Kd2 Nxh5 60. Ke2 Nf4+ 61. Kf1 g4 62. Kg1 h5 63. Kf1 Kg5 64. Kg1 h4 65. Kf1 h3 66. Kg1 Kh4 67. Kf1 g3 68. Kg1 Ne2+ 69. Kh1 g2+ 70. Kh2 g1=Q# 0-1


[Site "https://www.chess.com"]

[Event "Titled Tuesday Blitz August 3 2021"]
[White "Krivonosov, Oleg"]
[Black "Sadykov, Ramil"]
[WhiteFideId "11600349"]
[BlackFideId "24113590"]
[WhiteElo "2469"]
[BlackElo "2300"]
[Result "1-0"]
[Round "09"]
[TimeControl "180+1"]
[Date "2021.08.03"]
[WhiteClock "0:00:10"]
[BlackClock "0:00:01"]

1. Nf3 Nf6 2. c4 e6 3. g3 d5 4. d4 Be7 5. Bg2 O-O 6. O-O dxc4 7. Qa4 a6 8. Qxc4 b5 9. Qc2 Bb7 10. Bg5 Nbd7 11. Bxf6 Nxf6 12. Nbd2 Rc8 13. Nb3 Be4 14. Qc3 Qd5 15. Rfc1 Rfd8 16. Nbd2 c5 17. Nxe4 Qxe4 18. Qc2 cxd4 19. Qxc8 Rxc8 20. Rxc8+ Bf8 21. Rd1 Qxe2 22. Rxd4 Nd5 23. Rd2 Qe4 24. Rc1 g6 25. Rcd1 Bh6 26. Ne1 Qb4 27. Rc2 Nf6 28. Bf3 Kg7 29. Nd3 Qa5 30. b3 Nd5 31. Bxd5 exd5 32. Ne1 b4 33. Nf3 d4 34. Kg2 Qf5 35. Rc4 Bg5 36. Rcxd4 Be7 37. Rd5 Qc2 38. R5d2 Qc3 39. h4 h5 40. Re2 Bf6 41. Rd7 a5 42. Rd5 Qc6 43. Rxa5 Bc3 44. Ra7 Kg8 45. Ree7 1-0


[Site "https://www.chess.com"]

[Event "Titled Tuesday Blitz August 3 2021"]
[White "Krysa, Leandro"]
[Black "Martin Duque, Jesus"]
[WhiteFideId "116807"]
[BlackFideId "2208954"]
[WhiteElo "2490"]
[BlackElo "2224"]
[Result "1/2-1/2"]
[Round "09"]
[TimeControl "180+1"]
[Date "2021.08.03"]
[WhiteClock "0:00:04"]
[BlackClock "0:00:09"]

1. e4 c5 2. Nf3 e6 3. c3 Nf6 4. e5 Nd5 5. a3 b6 6. d4 cxd4 7. cxd4 Bb7 8. Bd3 d6 9. O-O Nd7 10. Qe2 dxe5 11. dxe5 Be7 12. Rd1 O-O 13. Qe4 g6 14. Bh6 Nc5 15. Qg4 Nxd3 16. Bxf8 Nxf2 17. Bxe7 Nxg4 18. Bxd8 Rxd8 19. Nc3 Nge3 20. Nxd5 Bxd5 21. Rd3 Nc4 22. b3 Na5 23. Nd2 Rc8 24. b4 Nc4 25. Re1 Nxd2 26. Rxd2 Rc3 27. Rf2 Rxa3 28. Ref1 Bc4 29. Rd1 Rb3 30. h3 Bd5 31. Rdf1 Bc4 32. Rd1 Bd5 33. Rd4 a5 34. bxa5 bxa5 35. Rdf4 Rb7 36. Ra4 Ra7 37. Rb2 Bc6 38. Rc4 Bd5 39. Ra4 Bc6 40. Rc4 Bd7 41. Ra2 a4 42. Ra3 Rb7 43. Rd4 Kg7 44. Kh2 Bc6 45. Rc4 Rb6 46. Rc2 g5 47. Re2 Kg6 48. Rf2 h5 49. h4 gxh4 50. Rf6+ Kg7 51. Rf4 Rb3 52. Rxb3 axb3 53. Rxh4 Bd5 54. Kg3 Kg6 55. Rf4 b2 56. Rb4 Kf5 57. Rxb2 Kxe5 58. Re2+ Kf5 59. Kh4 Kg6 60. g3 Bf3 61. Re3 Bg4 62. Re5 f6 63. Ra5 e5 64. Ra2 Kf5 65. Rf2+ Ke6 66. Rxf6+ Kxf6 1/2-1/2


[Site "https://www.chess.com"]

[Event "Titled Tuesday Blitz August 3 2021"]
[White "Leisch, Lukas"]
[Black "Xie, Bryan"]
[WhiteFideId "1632094"]
[BlackFideId "30941296"]
[WhiteElo "2247"]
[BlackElo "1899"]
[Result "1-0"]
[Round "09"]
[TimeControl "180+1"]
[Date "2021.08.03"]
[WhiteClock "0:00:13"]
[BlackClock "0:01:41"]

1. d4 Nf6 2. c4 g6 3. Nc3 d5 4. cxd5 Nxd5 5. e4 Nxc3 6. bxc3 Bg7 7. Nf3 O-O 8. Be2 c5 9. O-O Nc6 10. Be3 Qa5 11. Qd2 Rd8 12. Rfd1 Bg4 13. Rab1 b6 14. Rb5 Qa4 15. d5 Bxf3 16. gxf3 Ne5 17. Qb2 Nc4 18. Qb3 Qxb3 19. Rxb3 Nxe3 20. fxe3 Bh6 21. Kf2 Rd7 22. Bb5 Rdd8 23. e5 f6 24. e6 Rd6 25. c4 Rad8 26. Rdd3 f5 27. Ra3 Kf8 28. Rxa7 Rxe6 29. dxe6 Rxd3 30. Ra8+ Kg7 31. Rb8 Rd2+ 32. Kg3 Bxe3 33. Rxb6 f4+ 34. Kh3 Kf6 35. Rb7 Kg5 36. Rd7 Bg1 37. Rxd2 Bd4 38. a4 Kf6 39. a5 Kxe6 40. a6 Kd6 41. a7 Kc7 42. a8=Q Kb6 43. Qc6+ Ka5 44. Qa6+ Kb4 45. Qa4+ Kc3 46. Qc2+ Kb4 47. Qa4+ Kc3 48. Rc2+ Kd3 49. Qb3+ Bc3 50. Qxc3# 1-0


[Site "https://www.chess.com"]

[Event "Titled Tuesday Blitz August 3 2021"]
[White "Li, Eric"]
[Black "Diaz Perez, Michel Alejandro"]
[WhiteFideId "30939941"]
[BlackFideId "3517179"]
[WhiteElo "1961"]
[BlackElo "2337"]
[Result "0-1"]
[Round "09"]
[TimeControl "180+1"]
[Date "2021.08.03"]
[WhiteClock "0:00:04"]
[BlackClock "0:00:22"]

1. c4 Nf6 2. Nc3 e5 3. g3 d5 4. cxd5 Nxd5 5. Bg2 Nb6 6. Nf3 Nc6 7. O-O Be7 8. b3 O-O 9. Bb2 Re8 10. Rc1 a5 11. Ne4 Bf8 12. Nc5 Bxc5 13. Rxc5 f6 14. d4 e4 15. Ne1 Qd6 16. e3 a4 17. Qc2 axb3 18. axb3 f5 19. Qb1 Be6 20. Nc2 Bxb3 21. Rxf5 Bc4 22. Rc1 Bd3 23. Bf1 Bxf1 24. Kxf1 Qe6 25. Rh5 Rf8 26. Kg1 Qg4 27. Rh4 Qe2 28. Rf1 Nc4 29. Bc3 Nd6 30. Qd1 Rxf2 31. Qxe2 Rxe2 32. Ne1 Raa2 33. d5 Ne7 34. Rhf4 h6 35. Rf8+ Kh7 36. R8f2 Rxf2 37. Rxf2 Rxf2 38. Kxf2 Nxd5 39. Bd4 g5 40. Be5 Nc4 41. Bd4 b6 42. Nc2 Kg6 43. Ke2 c5 44. Ba1 b5 45. h3 h5 46. g4 hxg4 47. hxg4 b4 48. Kd1 Ndxe3+ 49. Nxe3 Nxe3+ 0-1


[Site "https://www.chess.com"]

[Event "Titled Tuesday Blitz August 3 2021"]
[White "Lee, Linden"]
[Black "Navalgund, Niranjan"]
[WhiteFideId "30941830"]
[BlackFideId "5030854"]
[WhiteElo "2490"]
[BlackElo "2290"]
[Result "1-0"]
[Round "09"]
[TimeControl "180+1"]
[Date "2021.08.03"]
[WhiteClock "0:00:11"]
[BlackClock "0:00:10"]

1. d4 b6 2. Nf3 Bb7 3. g3 g6 4. Bg2 Bg7 5. O-O Nf6 6. c4 O-O 7. Nc3 Na6 8. a3 d5 9. Ne5 c6 10. b4 Nd7 11. f4 Nxe5 12. dxe5 dxc4 13. b5 Nb8 14. Be3 Qc8 15. Rc1 cxb5 16. Bxb7 Qxb7 17. Nxb5 a6 18. Nd4 b5 19. Qc2 Nc6 20. Nf3 Rad8 21. a4 Nb4 22. Qb1 Nd5 23. Bf2 Nb6 24. axb5 Na4 25. Rxc4 Qxb5 26. Rb4 Qa5 27. Rc1 Rc8 28. Rxc8 Rxc8 29. Rb8 Rxb8 30. Qxb8+ Bf8 31. e6 fxe6 32. Ng5 Nc3 33. Nxe6 Nxe2+ 34. Kf1 Qa1+ 35. Kg2 Qf6 36. Ng5 Qc6+ 37. Kf1 Qc4 38. Kg2 Qd5+ 39. Nf3 a5 40. Qb2 Qe4 41. Qa2+ e6 42. Qxa5 h6 43. Qd2 Bb4 44. Qd8+ Kf7 45. Qd7+ Kf8 46. Qh7 h5 47. Qh8+ Kf7 48. Qd8 Be7 49. Qd2 Bb4 50. Qa2 Be7 51. Bb6 Qc6 52. Be3 Nc3 53. Qc2 Ke8 54. Qxg6+ Kd8 55. Qd3+ Nd5 56. Ne5 Qb7 57. Kf2 Qb2+ 58. Bd2 Bc5+ 59. Kf3 Kc8 60. Qa6+ Qb7 61. Qxe6+ Kb8 62. Nc6+ Ka8 63. Qxd5 Bb6 64. Qg8+ Bd8 65. Qxd8+ Qc8 66. Qxc8# 1-0


[Site "https://www.chess.com"]

[Event "Titled Tuesday Blitz August 3 2021"]
[White "Ljukin, Sergei"]
[Black "Rusan, Paul-Cristian"]
[WhiteFideId "14102200"]
[BlackFideId "1209191"]
[WhiteElo "2309"]
[BlackElo "2167"]
[Result "1/2-1/2"]
[Round "09"]
[TimeControl "180+1"]
[Date "2021.08.03"]
[WhiteClock "0:00:30"]
[BlackClock "0:00:11"]

1. e4 c5 2. Nf3 Nc6 3. d4 cxd4 4. Nxd4 e5 5. Nb5 d6 6. N1c3 a6 7. Na3 b5 8. Nd5 Nf6 9. Bg5 Be7 10. Bxf6 Bxf6 11. c4 Bg5 12. cxb5 Nd4 13. b6 O-O 14. Bc4 Bb7 15. O-O Kh8 16. Nc2 Rc8 17. b3 Nxc2 18. Qxc2 Bxd5 19. exd5 Qxb6 20. Qd3 a5 21. Rfb1 f5 22. Bb5 e4 23. Qe2 Bf6 24. Bc6 Rxc6 25. dxc6 d5 26. b4 axb4 27. Qc2 Rc8 28. Qb3 Qxc6 29. Qxb4 Bxa1 30. Rxa1 Qc1+ 31. Qe1 Qxe1+ 32. Rxe1 d4 33. Ra1 d3 34. Kf1 Kg8 35. a4 Kf7 36. a5 Ra8 37. a6 Ra7 38. Ke1 Ke6 39. Kd2 Kd6 40. h4 g6 41. g4 Kc6 42. gxf5 gxf5 43. Ra5 Kb6 44. Rxf5 Rxa6 45. Rf6+ Kb5 46. Rxa6 Kxa6 47. f3 exf3 48. Kxd3 Kb5 49. Ke3 Kc5 50. Kxf3 Kd5 51. Kf4 Ke6 52. Kg5 Kf7 53. Kh6 Kg8 54. Kg5 Kg7 55. h5 h6+ 56. Kf5 Kf7 57. Ke5 Ke7 58. Kf5 Kf7 59. Ke5 Ke7 60. Kf5 Kf7 1/2-1/2


[Site "https://www.chess.com"]

[Event "Titled Tuesday Blitz August 3 2021"]
[White "Maly, Alexey"]
[Black "Svane, Rasmus"]
[WhiteFideId "14103184"]
[BlackFideId "4657101"]
[WhiteElo "2285"]
[BlackElo "2669"]
[Result "1/2-1/2"]
[Round "09"]
[TimeControl "180+1"]
[Date "2021.08.03"]
[WhiteClock "0:00:10"]
[BlackClock "0:00:07"]

1. d4 Nf6 2. c4 e6 3. Nf3 d5 4. e3 b6 5. Nbd2 Bb7 6. Bd3 Bd6 7. O-O Nbd7 8. Qe2 O-O 9. e4 dxe4 10. Nxe4 Nxe4 11. Bxe4 Bxe4 12. Qxe4 Nf6 13. Qe2 h6 14. b3 c6 15. Bb2 Qc7 16. Rad1 Rad8 17. Rd3 b5 18. Rfd1 bxc4 19. bxc4 Rfe8 20. Ne5 Rb8 21. Ba1 Rb7 22. h3 Reb8 23. Qc2 c5 24. Nf3 cxd4 25. Nxd4 Bh2+ 26. Kh1 Be5 27. Qe2 Bxd4 28. Bxd4 Rc8 29. Bxf6 gxf6 30. Qg4+ Kf8 31. Qh4 Ke7 32. Qxh6 Qe5 33. Qd2 Kf8 34. Rd8+ Rxd8 35. Qxd8+ Kg7 36. c5 Qxc5 37. Rd3 Qxf2 38. Kh2 Rb5 39. Rg3+ Rg5 40. Rxg5+ fxg5 41. Qxg5+ Kf8 42. Qd8+ Kg7 43. Qg5+ Kf8 44. h4 f6 45. Qh6+ Ke7 46. Qg7+ Kd6 47. Qg3+ Qxg3+ 48. Kxg3 e5 49. Kf3 f5 50. g4 f4 51. Ke4 Ke6 52. g5 Kf7 53. h5 a6 54. a3 a5 55. a4 Kg7 56. Kf3 Kf7 57. Kg4 Kg7 58. h6+ Kg6 59. Kf3 Kh7 60. Ke4 Kg6 61. Kd3 Kh7 62. Ke4 Kg6 63. Kf3 Kh7 64. Kg4 Kg6 65. Kh4 f3 66. Kg3 e4 67. Kf2 Kh7 68. Ke3 Kg6 69. Kf2 Kh7 70. Ke3 Kg6 71. Kf2 1/2-1/2


[Site "https://www.chess.com"]

[Event "Titled Tuesday Blitz August 3 2021"]
[White "Manukyan, Sargis A."]
[Black "Stribuk, Artiom"]
[WhiteFideId "13303970"]
[BlackFideId "13515659"]
[WhiteElo "2187"]
[BlackElo "2224"]
[Result "0-1"]
[Round "09"]
[TimeControl "180+1"]
[Date "2021.08.03"]
[WhiteClock "0:00:22"]
[BlackClock "0:00:36"]

1. d4 Nf6 2. c4 g6 3. Nc3 d5 4. Bf4 Bg7 5. e3 O-O 6. Rc1 Be6 7. Nf3 dxc4 8. Ng5 Bd5 9. e4 h6 10. exd5 hxg5 11. Bxg5 Nxd5 12. Bxc4 Nb6 13. Bb3 Qxd4 14. O-O Qxd1 15. Rfxd1 Nc6 16. a4 e6 17. Bf4 Rac8 18. Rd2 Nd4 19. Ba2 c5 20. a5 Nd7 21. Ne4 Rc6 22. Bc4 b5 23. axb6 Nxb6 24. Bf1 Nb3 25. Bb5 Rcc8 26. Rdc2 Nxc1 27. Bxc1 Rfd8 28. f3 Rd1+ 29. Kf2 Bd4+ 30. Kg3 Nd5 31. Bd2 Rb8 32. Bc4 Rxb2 33. Rxb2 Bxb2 34. Ba5 Be5+ 35. Kh3 Nf4+ 36. Kg3 Rg1 37. Kf2 Rxg2+ 38. Ke3 Bd4+ 39. Kxf4 e5# 0-1


[Site "https://www.chess.com"]

[Event "Titled Tuesday Blitz August 3 2021"]
[White "Mekhitarian, Krikor Sevag"]
[Black "Boraso, Alessio"]
[WhiteFideId "2107660"]
[BlackFideId "848077"]
[WhiteElo "2598"]
[BlackElo "2277"]
[Result "1-0"]
[Round "09"]
[TimeControl "180+1"]
[Date "2021.08.03"]
[WhiteClock "0:00:07"]
[BlackClock "0:00:02"]

1. e4 c5 2. Nf3 Nc6 3. Bb5 Nf6 4. Nc3 g6 5. O-O Bg7 6. e5 Ng4 7. Bxc6 dxc6 8. Re1 O-O 9. h3 Nh6 10. a4 Nf5 11. a5 Nd4 12. d3 Be6 13. Ng5 Qd7 14. Na4 c4 15. Nc5 Qd5 16. Ncxe6 Nxe6 17. dxc4 Qxc4 18. b3 Qd5 19. Qxd5 cxd5 20. Nxe6 fxe6 21. f4 Rac8 22. Ra2 Bh6 23. g3 Rc3 24. Kg2 Rfc8 25. Re2 d4 26. Ba3 d3 27. cxd3 Rxd3 28. Bb4 Rxb3 29. Rab2 Rxb2 30. Rxb2 g5 31. fxg5 Bxg5 32. h4 Be3 33. Bxe7 b6 34. axb6 axb6 35. Bd6 Bc5 36. Rc2 Rd8 37. Bxc5 Rc8 38. Rb2 Rxc5 39. Rxb6 Rxe5 40. Kf3 h5 41. Kf4 Rf5+ 42. Ke4 Rf6 43. Ke5 Rg6 44. Rb3 Kg7 45. Rf3 Kg8 46. Kd6 Kg7 47. Ra3 Kf6 48. Rf3+ Kg7 49. Ke5 Rg4 50. Kxe6 Kg6 51. Ke5 Ra4 52. Kd5 Ra5+ 53. Ke4 Rb5 54. Rd3 Rb4+ 55. Kf3 Rb6 56. Kf4 Rf6+ 57. Ke5 Rf5+ 58. Ke4 Rf6 59. Rd5 Ra6 60. Rg5+ Kh6 61. Re5 Ra4+ 62. Kf5 Ra6 63. Re6+ Rxe6 64. Kxe6 Kg6 65. Ke5 Kg7 66. Kf5 Kf7 67. Kg5 Ke6 68. Kxh5 1-0


[Site "https://www.chess.com"]

[Event "Titled Tuesday Blitz August 3 2021"]
[White "Mirzoev, Azer"]
[Black "Wei, Yi"]
[WhiteFideId "13400304"]
[BlackFideId "8603405"]
[WhiteElo "2525"]
[BlackElo "2686"]
[Result "0-1"]
[Round "09"]
[TimeControl "180+1"]
[Date "2021.08.03"]
[WhiteClock "0:00:02"]
[BlackClock "0:00:05"]

1. d4 Nf6 2. Nf3 d5 3. c4 e6 4. e3 b6 5. b3 Bb7 6. Bb2 Nbd7 7. Nbd2 Bd6 8. Bd3 O-O 9. O-O Qe7 10. h3 Rfd8 11. Qe2 c5 12. cxd5 Nxd5 13. Ba6 N7f6 14. Bxb7 Qxb7 15. Nc4 Be7 16. Rfd1 Rac8 17. Rac1 b5 18. Nce5 a6 19. dxc5 Bxc5 20. Nd4 Bxd4 21. Bxd4 h6 22. Qb2 Ne4 23. Rxc8 Rxc8 24. Nf3 f6 25. Rc1 e5 26. Rxc8+ Qxc8 27. Qb1 Nec3 28. Bxc3 Nxc3 29. Qc2 b4 30. Nh4 Qd7 31. Nf5 Kf7 32. a4 bxa3 33. Nxh6+ gxh6 34. Qxc3 a2 35. Kh2 Qd5 36. Qc7+ Kg8 37. Qc8+ Kg7 38. Qxa6 Qxb3 39. Qa7+ Kg6 40. g4 Qb1 41. Qa8 Kf7 42. Qa7+ Ke6 43. Qa6+ Kd5 44. Qa5+ Kc4 45. Qa6+ Kc3 46. Qa5+ Kc2 47. Qa4+ Kd2 48. Qa5+ Ke2 49. Kg3 Qg1+ 50. Kh4 a1=Q 51. Qb5+ Kxf2 52. Qc6 Qg3+ 53. Kh5 Qxh3+ 54. Kg6 Qxg4+ 55. Kf7 Qh5+ 56. Kxf6 Qg5+ 57. Kf7 Qa2+ 0-1


[Site "https://www.chess.com"]

[Event "Titled Tuesday Blitz August 3 2021"]
[White "Mitusov, Semen"]
[Black "Nguyen Hong Nhung"]
[WhiteFideId "14151049"]
[BlackFideId "12412201"]
[WhiteElo "2256"]
[BlackElo "1661"]
[Result "1-0"]
[Round "09"]
[TimeControl "180+1"]
[Date "2021.08.03"]
[WhiteClock "0:00:45"]
[BlackClock "0:00:03"]

1. e4 c5 2. Nc3 e6 3. g3 d5 4. exd5 exd5 5. d4 Nf6 6. Bg2 cxd4 7. Qxd4 Nc6 8. Qd1 Bb4 9. Ne2 d4 10. a3 Ba5 11. Bxc6+ bxc6 12. Qxd4 O-O 13. Qxd8 Rxd8 14. O-O Ba6 15. Re1 Nd5 16. b4 Bb6 17. Nxd5 cxd5 18. Be3 d4 19. Bf4 Rac8 20. Rad1 h6 21. Rd2 g5 22. Be5 d3 23. cxd3 Rxd3 24. Rxd3 Bxd3 25. Nd4 Re8 26. Nb3 f6 27. Bc3 Rxe1+ 28. Bxe1 Kf7 29. Bc3 Ke6 30. Kg2 Be4+ 31. f3 Bd5 32. Nc1 f5 33. Nd3 Kd6 34. Ne5 Kc7 35. Kf1 Kb7 36. Ke2 Bc7 37. Ng6 h5 38. Bf6 h4 39. gxh4 gxh4 40. Be5 Bd8 41. Ke3 Kc6 42. f4 a5 43. Bc3 axb4 44. Bxb4 Kb5 45. Kd4 Be4 46. Ke5 Bc7+ 47. Bd6 Bd8 48. Be7 Bc7+ 49. Bd6 Bb6 50. Nxh4 Bg1 51. h3 Bh2 52. Nxf5 Bg2 53. h4 Kc6 54. h5 Bd5 55. Ne7+ Kd7 56. Nxd5 Bg1 57. h6 Bf2 58. Nf6+ Kc6 59. h7 Bb6 60. h8=Q Ba5 61. Qc8+ Kb5 62. Qc5+ Ka4 63. Qc4+ Bb4 64. Qxb4# 1-0


[Site "https://www.chess.com"]

[Event "Titled Tuesday Blitz August 3 2021"]
[White "Moon_stone123"]
[Black "Nefedov, Sergey"]
[BlackFideId "24113417"]
[WhiteElo "2422"]
[BlackElo "2385"]
[Result "1-0"]
[Round "09"]
[TimeControl "180+1"]
[Date "2021.08.03"]
[WhiteClock "0:00:10"]
[BlackClock "0:00:01"]

1. Nf3 Nf6 2. g3 g6 3. Bg2 Bg7 4. O-O O-O 5. c4 d6 6. Nc3 e5 7. d3 Nc6 8. Rb1 a5 9. a3 Bf5 10. e4 Bg4 11. h3 Bxf3 12. Bxf3 Nd4 13. Bg2 Nd7 14. Ne2 Nxe2+ 15. Qxe2 a4 16. f4 exf4 17. gxf4 Bd4+ 18. Kh1 Qh4 19. Be3 Bxe3 20. Qxe3 Nf6 21. d4 Rae8 22. e5 Nh5 23. Kh2 c5 24. d5 dxe5 25. fxe5 Qxc4 26. Rbe1 Qd4 27. d6 Ng7 28. Qxd4 cxd4 29. Bxb7 Rb8 30. Bc6 Rxb2+ 31. Kg1 Nf5 32. Rb1 Rxb1 33. Rxb1 f6 34. e6 Nxd6 35. e7 Rc8 36. Bd7 Ra8 37. Rb6 Ne8 38. Be6+ Kg7 39. Rb4 f5 40. Rxd4 Ra7 41. Bd7 Kf7 42. Bxa4 Rxe7 43. Bb3+ Kf6 44. a4 Re3 45. Rb4 Rxh3 46. a5 1-0


[Site "https://www.chess.com"]

[Event "Titled Tuesday Blitz August 3 2021"]
[White "Murzin, Volodar"]
[Black "Begunov, Konstantin"]
[WhiteFideId "44155573"]
[BlackFideId "4118510"]
[WhiteElo "2541"]
[BlackElo "2262"]
[Result "1-0"]
[Round "09"]
[TimeControl "180+1"]
[Date "2021.08.03"]
[WhiteClock "0:00:10"]
[BlackClock "0:00:25"]

1. e4 c5 2. Nf3 d6 3. d4 cxd4 4. Qxd4 Nf6 5. Be2 Nc6 6. Qe3 Bg4 7. O-O e6 8. Rd1 Qc7 9. c4 Bxf3 10. Qxf3 Ne5 11. Qe3 Nxc4 12. Qd4 Ne5 13. Nc3 a6 14. Qa4+ Nfd7 15. Bf4 Qc6 16. Bb5 Qc8 17. Bxd7+ Qxd7 18. Bxe5 Qxa4 19. Nxa4 dxe5 20. Nb6 Rb8 21. Rac1 Bb4 22. Kf1 Ba5 23. Nd7 Rd8 24. Nxe5 Ke7 25. Nc4 Bc7 26. Ke2 Rxd1 27. Rxd1 Rd8 28. Rxd8 Kxd8 29. g3 b5 30. Ne3 Kd7 31. Kd3 Kc6 32. f4 g6 33. e5 Bb6 34. Ng4 Bd8 35. h4 h5 36. Nf2 Bb6 37. Ne4 Bc7 38. Ng5 Bb6 39. Ke2 Bf2 40. Kxf2 Kd5 41. Ke3 Kc4 42. Nxf7 b4 43. Nd6+ Kc5 44. Kd3 a5 45. Ne4+ Kb5 46. b3 a4 47. Nf6 a3 48. Ne4 Kc6 49. Kc4 g5 50. Nxg5 Kd7 51. Kxb4 Ke7 52. Kc4 Ke8 53. b4 Ke7 54. b5 Kd7 55. b6 Ke7 56. b7 Kd7 57. b8=Q Kc6 58. Nxe6 Kd7 59. Qd6+ Ke8 60. f5 Kf7 61. Qd7+ Kg8 62. Qg7# 1-0


[Site "https://www.chess.com"]

[Event "Titled Tuesday Blitz August 3 2021"]
[White "Najdin, Danil"]
[Black "Melikhov, Evgeny V."]
[WhiteFideId "4172426"]
[BlackFideId "4122046"]
[WhiteElo "2193"]
[BlackElo "1965"]
[Result "1-0"]
[Round "09"]
[TimeControl "180+1"]
[Date "2021.08.03"]
[WhiteClock "0:00:18"]
[BlackClock "0:00:28"]

1. e4 e5 2. Nf3 Nc6 3. Bb5 a6 4. Ba4 Nf6 5. O-O Nxe4 6. d4 b5 7. Bb3 d5 8. dxe5 Be6 9. c3 Bc5 10. Nbd2 O-O 11. Bc2 Nxf2 12. Rxf2 f6 13. exf6 Bxf2+ 14. Kxf2 Qxf6 15. Kg1 Bg4 16. h3 Bh5 17. Bb3 Rad8 18. Qe1 Na5 19. Qe5 Nc4 20. Qxh5 c6 21. Nxc4 bxc4 22. Bc2 g6 23. Qg5 Qe6 24. Be3 Rde8 25. Re1 Qd6 26. h4 Qf6 27. Qxf6 Rxf6 28. Bd4 Rxe1+ 29. Nxe1 Rf4 30. Nf3 Rf7 31. Ne5 Rb7 32. b3 cxb3 33. axb3 Rc7 34. Bc5 Kg7 35. Bd3 Kf6 36. Nf3 a5 37. Nd4 Ke5 38. Kf2 Rf7+ 39. Ke3 Rf6 40. g3 h6 41. Bb6 g5 42. Bc7+ 1-0


[Site "https://www.chess.com"]

[Event "Titled Tuesday Blitz August 3 2021"]
[White "Nazaretyan, Tigran"]
[Black "Pajeken, Jakob Leon"]
[WhiteFideId "24162345"]
[BlackFideId "12942839"]
[WhiteElo "2214"]
[BlackElo "2231"]
[Result "1-0"]
[Round "09"]
[TimeControl "180+1"]
[Date "2021.08.03"]
[WhiteClock "0:01:02"]
[BlackClock "0:01:11"]

1. d4 d5 2. c4 dxc4 3. e3 Nf6 4. Bxc4 e6 5. Nf3 c5 6. O-O Nc6 7. Qe2 a6 8. a4 Qc7 9. Rd1 Be7 10. h3 O-O 11. b3 cxd4 12. exd4 Na5 13. Nc3 Nxc4 14. bxc4 b6 15. Rb1 Bb7 16. Ne5 Bd6 17. Bf4 Rac8 18. a5 b5 19. c5 Bxe5 20. Bxe5 Qd8 21. Rd3 Nd5 22. Ne4 f6 23. Bd6 Rf7 24. Bh2 Rc6 25. Nd6 Rxd6 26. Bxd6 g5 27. Qxe6 Nf4 28. Bxf4 gxf4 29. d5 Kf8 30. c6 Bc8 31. Qe4 Rg7 32. Qxf4 1-0


[Site "https://www.chess.com"]

[Event "Titled Tuesday Blitz August 3 2021"]
[White "Obolentseva, Alexandra"]
[Black "Aggelis, Nikolaos"]
[WhiteFideId "24153648"]
[BlackFideId "4213220"]
[WhiteElo "2113"]
[BlackElo "2154"]
[Result "1/2-1/2"]
[Round "09"]
[TimeControl "180+1"]
[Date "2021.08.03"]
[WhiteClock "0:00:27"]
[BlackClock "0:01:24"]

1. d4 Nf6 2. c4 g6 3. Nc3 d5 4. Nf3 Bg7 5. e3 O-O 6. cxd5 Nxd5 7. Bc4 Nb6 8. Bb3 c5 9. O-O c4 10. Bc2 Nc6 11. Qe2 Bg4 12. Rd1 Qc7 13. h3 Bxf3 14. Qxf3 e5 15. d5 Nb4 16. Bb1 f5 17. a3 Na6 18. d6 Qd7 19. e4 f4 20. Ba2 Rac8 21. b3 Rf6 22. bxc4 Nc5 23. Bb2 Rxd6 24. Rxd6 Qxd6 25. Rd1 Qc7 26. Nd5 Nxd5 27. cxd5 Qd6 28. Rc1 b6 29. Bc3 Kh8 30. Bb4 Bf8 31. Qg4 Qc7 32. Bxc5 bxc5 33. Qe6 Bd6 34. Rb1 Rb8 35. Rxb8+ Qxb8 36. Bc4 Qd8 37. f3 Qe7 38. Qxe7 Bxe7 39. Kf2 Kg7 40. a4 Kf8 41. Ke2 Ke8 42. Bb5+ Kd8 43. Kd3 Kc7 44. Be8 Bd6 45. Bf7 Kb6 46. Bg8 h6 47. Bf7 g5 48. Be8 Ka5 49. Kc4 Kb6 50. Bd7 Ka5 51. Be8 Kb6 52. Bd7 Ka5 53. Be8 1/2-1/2


[Site "https://www.chess.com"]